AoeStats
← 太阳当空照

Arena

509327290Analyzed
4v4 RM · 7d ago on Sep 26, 2026· 77m 51s· 8 players
Game mode
Random Map
Map size
Large (8 player)
Population
200
Speed
Normal
Resources
Standard
Victory
Conquest
Starting age
Dark Age
Ending age
Imperial Age
RankedLock teamsTeams togetherTeam positionsShared explorationLock speedFull tech treeHidden civsTurbo modeCheats
Victory
Defeat
🇨🇳 Spanish · China
1224
+13
🇨🇳 Bohemians · China
1213
+14
🇨🇳 Italians · China
1212
+14
🇨🇳 Persians · China
1113
+18
🇫🇮 Magyars · Finland
1208
-17
🇹🇼 Vietnamese · Taiwan
1166
-15
🇨🇱 Danes · Chile
1150
-14
🇩🇪 Persians · Germany
1128
-13
Busy Dingo
10:37 Feudal Age
11:54 Double-Bit Axe
14:16 Castle Age
12:10 Horse Collar
16:31 Bow Saw
16:50 Heavy Plow
23:21 Scale Barding Armor
23:27 Forging
25:00 Chain Barding Armor
26:23 Loom
27:13 Wheelbarrow
26:24 Town Watch
27:32 Iron Casting
27:46 Bloodlines
27:37 Husbandry
31:51 Gold Mining
35:24 Imperial Age
33:18 Fletching
33:32 Elite Skirmisher
34:18 Thumb Ring
35:32 Cavalier
36:42 Imperial Skirmisher
41:53 Heavy Camel Rider
43:10 Light Cavalry
48:07 Bodkin Arrow
49:52 Pikeman
50:33 Squires
Finarfin
9:06 Feudal Age
10:34 Wheelbarrow
9:39 Horse Collar
9:45 Double-Bit Axe
17:04 Castle Age
14:52 Loom
16:29 Stone Mining
17:59 Bow Saw
17:43 Town Watch
18:57 Hand Cart
22:35 Heavy Plow
29:20 Town Patrol
35:47 Corvinian Army
35:54 Scale Barding Armor
36:58 Chain Barding Armor
39:38 Bloodlines
39:28 Husbandry
42:23 Imperial Age
40:44 Scale Mail Armor
40:06 Pikeman
40:31 Arson
42:34 Chain Mail Armor
42:11 Fletching
43:26 Conscription
42:27 Elite Magyar Huszar
42:32 Halberdier
43:54 Plate Barding Armor
44:31 Bodkin Arrow
45:03 Conscription
45:10 Conscription
44:11 Elite Magyar Huszar
46:27 Bracer
46:28 Padded Archer Armor
47:11 Hoardings
48:24 Leather Archer Armor
49:39 Caravan
50:09 Coinage
50:12 Ring Archer Armor
52:24 Chemistry
51:56 Parthian Tactics
51:36 Thumb Ring
50:53 Heavy Cavalry Archer
53:07 Ballistics
52:28 Treadmill Crane
52:44 Murder Holes
52:37 Elite Skirmisher
54:12 Banking
55:17 Masonry
55:12 Siege Engineers
60:43 Imperial Skirmisher
64:37 Hoardings
63:32 Sappers
Jason
7:51 Loom
10:47 Feudal Age
12:13 Wheelbarrow
11:25 Double-Bit Axe
12:43 Horse Collar
12:57 Gold Mining
18:51 Castle Age
19:58 Hand Cart
20:04 Bow Saw
24:07 Heavy Plow
29:51 Imperial Age
27:08 Town Watch
27:54 Stone Mining
28:39 Scale Barding Armor
28:44 Forging
29:52 Bloodlines
29:43 Husbandry
30:02 Elite Battle Elephant
31:39 Chatras
33:23 Chain Barding Armor
33:38 Iron Casting
37:09 Plate Barding Armor
38:50 Chemistry
38:11 Ballistics
37:54 Padded Archer Armor
37:45 Fletching
39:11 Two-Man Saw
37:48 Elite Skirmisher
38:36 Thumb Ring
38:32 Imperial Skirmisher
40:01 Paper Money
40:13 Bodkin Arrow
40:34 Leather Archer Armor
42:00 Bracer
44:29 Ring Archer Armor
47:21 Paper Money
70:37 Caravan
71:38 Crop Rotation
Xavier
10:00 Feudal Age
14:44 Castle Age
12:34 Horse Collar
13:48 Double-Bit Axe
14:54 Loom
15:57 Heavy Plow
16:09 Bow Saw
19:14 Squires
21:16 Scale Mail Armor
23:52 Gold Mining
25:30 Arson
25:31 Gambesons
26:27 Town Watch
31:02 Imperial Age
30:03 Chain Mail Armor
29:59 Forging
31:47 Town Patrol
32:42 Plate Mail Armor
32:23 Forging
33:16 Elite Varangian Guard
34:50 Iron Casting
34:04 Capped Ram
37:28 Blast Furnace
36:48 Elite Skirmisher
37:33 Thumb Ring
40:01 Imperial Skirmisher
40:34 Siege Ram
43:44 Siege Engineers
47:51 Pikeman
50:43 Halberdier
52:56 Fletching
54:12 Bodkin Arrow
55:51 Bracer
55:51 Padded Archer Armor
56:14 Ballistics
56:54 Chemistry
56:24 Conscription
55:30 Hamask
56:48 Hoardings
57:00 Masonry
59:31 Leather Archer Armor
61:45 Ring Archer Armor
64:58 Onager
67:48 Siege Onager
70:08 Northmen's Fury
646257513
11:12 Feudal Age
15:22 Castle Age
14:00 Double-Bit Axe
14:23 Horse Collar
16:52 Bow Saw
19:51 Loom
20:32 Town Watch
31:02 Imperial Age
29:16 Wheelbarrow
28:41 Town Patrol
28:54 Heavy Plow
29:06 Scale Mail Armor
29:17 Forging
29:02 Fletching
29:12 Padded Archer Armor
29:31 Forging
31:14 Chemistry
30:34 Ballistics
30:48 Bodkin Arrow
31:19 Hand Cart
32:08 Conscription
32:08 Masonry
31:54 Murder Holes
32:21 Fortified Wall
33:42 Iron Casting
41:02 Bracer
41:18 Leather Archer Armor
42:04 Blast Furnace
41:31 Elite Hussite Wagon
42:20 Wagenburg Tactics
42:37 Onager
42:45 Heavy Scorpion
53:32 Caravan
53:52 Squires
53:38 Arson
55:15 Pikeman
56:29 Halberdier
58:44 Chain Mail Armor
61:35 Plate Mail Armor
76:03 Houfnice
10001
4:21 Loom
11:18 Feudal Age
15:21 Castle Age
15:56 Wheelbarrow
16:02 Double-Bit Axe
25:22 Gold Mining
26:01 Bow Saw
25:39 Horse Collar
26:57 Hand Cart
31:00 Imperial Age
28:49 Husbandry
29:00 Bloodlines
29:09 Scale Barding Armor
29:09 Heavy Plow
30:19 Gold Shaft Mining
30:10 Bloodlines
30:16 Town Watch
31:10 Chain Barding Armor
31:00 Forging
31:21 Scale Mail Armor
30:52 Cavalier
32:50 Plate Barding Armor
32:51 Iron Casting
32:57 Conscription
32:36 Savar
34:51 Hoardings
36:38 Crop Rotation
38:06 Blast Furnace
40:48 Chemistry
41:26 Two-Man Saw
41:21 Murder Holes
41:49 Ballistics
45:16 Stone Mining
45:24 Murder Holes
45:40 Masonry
45:24 Fletching
45:50 Chain Mail Armor
45:35 Padded Archer Armor
52:28 Capped Ram
54:50 Stone Shaft Mining
54:09 Light Cavalry
54:49 Hussar
55:54 Bodkin Arrow
56:29 Plate Mail Armor
57:35 Citadels
62:34 Architecture
64:49 Town Patrol
71:22 Leather Archer Armor
72:20 Siege Ram
小虾米
10:58 Feudal Age
14:45 Castle Age
13:02 Loom
13:44 Double-Bit Axe
13:47 Horse Collar
16:09 Fletching
28:01 Padded Archer Armor
32:42 Wheelbarrow
32:46 Bloodlines
32:37 Husbandry
34:39 Leather Archer Armor
42:00 Imperial Age
40:50 Stone Mining
40:51 Gold Mining
42:07 Stone Shaft Mining
45:19 Ring Archer Armor
45:13 Elite Conquistador
55:01 Chemistry
54:21 Ballistics
63:58 Bodkin Arrow
64:28 Conscription
63:39 Sappers
64:46 Hoardings
64:33 Supremacy
76:10 Bow Saw
76:04 Heavy Plow
77:26 Caravan
太阳当空照
11:03 Feudal Age
15:16 Castle Age
13:22 Double-Bit Axe
13:18 Horse Collar
17:02 Bow Saw
18:37 Loom
22:46 Wheelbarrow
23:48 Heavy Plow
23:54 Gold Mining
24:49 Hand Cart
28:20 Imperial Age
26:30 Padded Archer Armor
26:50 Caravan
27:21 Coinage
27:45 Leather Archer Armor
27:21 Fletching
28:25 Fletching
29:02 Bodkin Arrow
29:20 Elite Genoese Crossbowman
30:55 Ring Archer Armor
30:33 Bracer
31:17 Scale Barding Armor
31:24 Forging
31:53 Ballistics
33:05 Chain Barding Armor
33:21 Iron Casting
34:19 Chemistry
33:32 Fortified Wall
37:39 Two-Man Saw
39:26 Plate Barding Armor
39:52 Blast Furnace
39:56 Scale Mail Armor
40:51 Husbandry
41:02 Bloodlines
40:12 Light Cavalry
41:25 Guilds
41:45 Banking
42:22 Silk Road
42:38 Hoardings
42:33 Hussar
69:54 Crop Rotation
Connection lost

Rejoining the realm…

Still unreachable

The connection could not be restored.

Session expired

The server has moved on; the page needs a fresh start.